 Dungeon Crawl Stone Soup version 0.30.1 (webtiles) character file.

Game seed: 11888965875140069734

99665 Graphine the Unseen (level 16, -16/101 HPs)
             Began as a Kobold Brigand on July 4, 2023.
             Was the Champion of Wu Jian.
             Demolished by a +2 heavy halberd (32 damage)
             ... on level 2 of the Elven Halls.
             The game lasted 01:18:34 (24361 turns).

Graphine the Unseen (Kobold Brigand)               Turns: 24361, Time: 01:18:34

Health: -16/101    AC: 13    Str:  9    XL:     16   Next: 77%
Magic:  0/39       EV: 28    Int: 16    God:    Wu Jian [******]
Gold:   866        SH:  0    Dex: 24    Spells: 36/36 levels left

rFire   . . .        O - +8 arc blade {discharge, rElec}
rCold   . . .        (no shield)
rNeg    + . .        N - +2 steam dragon scales
rPois   +            (helmet restricted)
rElec   +            c - +2 cloak of Koruzanu {rCorr MP+9 Str+2}
rCorr   +            g - +1 pair of gloves "Finuejil" {rN+}
SInv    +            S - +0 pair of boots {Fly}
Will    +....        m - amulet of guardian spirit
Stlth   ++++++++++   G - ring of poison resistance
HPRegen 0.36/turn    P - ring "Imynn" {rElec rCorr SInv Stlth+}
MPRegen 0.26/turn

%: guardian spirit
@: about to teleport, flying, studying Throwing
A: small, no large weapons, nightstalker 3, horns 1, talons 1, clever 1
a: Renounce Religion, Wall Jump, Serpent's Lash, Heavenly Storm


You were on level 2 of the Elven Halls.
You worshipped Wu Jian.
Wu Jian was exalted by your worship.
You visited 5 branches of the dungeon, and saw 21 of its levels.
You also visited: Sewer, Ossuary, Ice Cave and Volcano.

You collected 3156 gold pieces.
You spent 2290 gold pieces at shops.

Inventory:

Hand Weapons
 j - a +2 rapier of flaming
 O - the +8 arc blade (weapon) {discharge, rElec}
   (You acquired it in an ossuary)

   rElec:     It insulates you from electricity.
 V - a +5 dagger of holy wrath
Missiles
 e - 4 curare-tipped darts
 C - 23 boomerangs (quivered)
 Q - a throwing net
Armour
 c - the +2 cloak of Koruzanu (worn) {rCorr MP+9 Str+2}
   (You bought it in a shop on level 2 of the Orcish Mines)

   Str:       It affects your strength (+2).
   MP:        It affects your magic capacity (+9).
   rCorr:     It protects you from acid and corrosion.
 g - the +1 pair of gloves "Finuejil" (worn) {rN+}
   (You found it on level 2 of the Dungeon)

   rN:        It protects you from negative energy.
 N - +2 steam dragon scales (worn)
 S - a +0 pair of boots of flying (worn)
Jewellery
 b - a ring of protection from fire
 l - a +4 ring of protection
 m - an amulet of guardian spirit (around neck)
 r - a ring of positive energy
 G - a ring of poison resistance (left hand)
 J - a ring of protection from cold
 L - an amulet of the acrobat
 P - the ring "Imynn" (right hand) {rElec rCorr SInv Stlth+}
   (You acquired it in an ossuary)

   [ring of resist corrosion]

   rElec:     It insulates you from electricity.
   SInv:      It lets you see invisible.
   rCorr:     It protects you from acid and corrosion.
   Stlth:     It makes you more stealthy.
 U - an amulet of regeneration
 X - a +5 ring of evasion
 Z - a ring of ice
Wands
 i - a wand of charming (27)
 F - a wand of flame (49)
 I - a wand of acid (5)
 M - a wand of polymorph (19)
 W - a wand of iceblast (17)
Scrolls
 d - 3 scrolls of brand weapon
 t - 6 scrolls of blinking
 w - 7 scrolls of teleportation
 x - 3 scrolls of fear
 y - 2 scrolls of fog
 E - a scroll of noise
 H - 2 scrolls of poison
 K - 5 scrolls of magic mapping
 T - 4 scrolls of amnesia
Potions
 f - 2 potions of invisibility
 h - 8 potions of mutation
 n - 5 potions of ambrosia
 o - 5 potions of berserk rage
 s - 9 potions of haste
 u - a potion of flight
 v - 9 potions of curing
 z - 2 potions of might
 A - 3 potions of brilliance
 B - 2 potions of cancellation
 R - 2 potions of resistance
Miscellaneous
 a - a lightning rod (4/4)
 k - a condenser vane
 p - a phial of floods
 q - a box of beasts
 D - a phantom mirror (inert)
 Y - a piece from Xom's chessboard (15/15)


   Skills:
 + Level 12.2 Fighting
 - Level 14.0 Short Blades
 - Level 12.0 Throwing
 - Level 14.0 Dodging
 - Level 20.0 Stealth
 + Level 10.8 Spellcasting
 + Level 3.1 Transmutations
 + Level 3.1 Earth Magic
 * Level 11.4 Evocations


You had 36 spell levels left.
You didn't know any spells.
Your spell library contained the following spells:

 Spells                   Type           Power      Damage    Failure   Level
 Apportation              Tloc           16%        N/A       9%          1
 Magic Dart               Conj           32%        1d4       9%          1
 Necrotise                Necr           32%        1d5       9%          1
 Summon Small Mammal      Summ           32%        N/A       9%          1
 Cigotuvi's Dreadful Rot  Necr/Pois/Air  16%        N/A       13%         2
 Poisonous Vapours        Pois/Air       16%        N/A       13%         2
 Searing Ray              Conj           16%        2d5       13%         2
 Call Canine Familiar     Summ           8%         N/A       26%         3
 Inner Flame              Hex/Fire       8%         N/A       26%         3
 Mephitic Cloud           Conj/Pois/Air  8%         N/A       26%         3
 Summon Guardian Golem    Hex/Summ       8%         N/A       26%         3
 Vampiric Draining        Necr           8%         2d6       26%         3
 Leda's Liquefaction      Hex/Erth       6%         N/A       41%         4
 Lee's Rapid Deconstruct  Erth           9%         3d7*      54%         5
 Dispel Undead            Necr           8%         3d8       63%         4
 Fulminant Prism          Conj/Hex       4%         3d5       63%         4
 Yara's Violent Unravell  Hex/Tmut       6%         3d5       77%         5
 Freezing Cloud           Conj/Ice/Air   4%         6-21      93%         5
 Summon Forest            Summ/Tloc      4%         N/A       93%         5
 Statue Form              Tmut/Erth      12%        N/A       98%         6
 Death Channel            Necr           4%         N/A       100%        6
 Eringya's Noxious Bog    Tmut/Pois      6%         N/A       100%        6
 Enfeeble                 Hex            4%         N/A       100%        7
 Summon Hydra             Summ           4%         N/A       100%        7


Dungeon Overview and Level Annotations

Branches:
Dungeon (11/15)            Temple (0/1) D:6            Lair (5/5) D:10
  Swamp (0/4) Lair:3       Spider (1/4) Lair:2        Slime (0/5) Lair:4
    Orc (2/2) D:11            Elf (2/3) Orc:2         Sewer (visited)
Ossuary (visited)           IceCv (visited)         Volcano (visited)

Altars:
Ashenzari
Cheibriados
Fedhas
Okawaru
Qazlal
Ru
Sif Muna
Trog
Uskayaw
Wu Jian
Xom
Zin
The Shining One
Jiyva

Shops:
D:1 [   D:4 *   D:7 *   D:11 [   Orc:2 [([*   Elf:1 =:=


Innate Abilities, Weirdness & Mutations

You are small and have problems with some larger weapons.
You are completely attuned to the shadows.
You have a pair of small horns on your head.
You have sharp toenails.
Your mind is acute. (Int +4, Str/Dex -1)


Message History

The +1 halberd of venom is heavily damaged.
You puncture the +1 halberd of venom!
You headbutt the +1 halberd of venom, but do no damage.
The +1 halberd of venom is almost destroyed.
The +1 halberd of venom hits you.
You are poisoned.
You miss the +1 halberd of venom.
You headbutt the +1 halberd of venom, but do no damage.
The +1 halberd of venom is almost destroyed.
You feel sick. The +1 halberd of venom hits you!!
You are more poisoned.
You puncture the +1 halberd of venom!
The +1 halberd of venom falls from the air.
The Council accepts your kill.
You feel very sick.
You hit the +2 heavy halberd.
The +2 heavy halberd is lightly damaged.
You feel very sick.
You barely miss the +2 heavy halberd.
The +2 heavy halberd is lightly damaged.
You feel very sick. The +2 heavy halberd hits you!!
You hit the +2 heavy halberd but do no damage.
The arc blade crackles.
Some blue arcs ground themselves harmlessly.
You headbutt the +2 heavy halberd, but do no damage.
The +2 heavy halberd is lightly damaged.
You feel very sick.
You closely miss the +2 heavy halberd.
Your headbutt misses the +2 heavy halberd.
The +2 heavy halberd is lightly damaged.
You feel very sick. The +2 heavy halberd hits you!!
* * * LOW HITPOINT WARNING * * *
Okay, then.
You feel better. The +2 heavy halberd hits you!
* * * LOW HITPOINT WARNING * * *
As you read the scroll of teleportation, it crumbles to dust.
You feel strangely unstable. The +2 heavy halberd hits you!!!
You die...

.# ##...##
.###.....#
...#...#..#
##.....###.#
.#.......#..#
...).#.)...##
...........#
..###.###..#
###.#@#.####
#'(')'#
.........
.........
....#....


You could see a +2 heavy halberd.

Vanquished Creatures
  Kirke (Elf:1)
  2 orc warlords (Orc:2)
  A deep elf death mage (Elf:1)
  Snorg (Orc:1)
  2 fire dragons (Lair:5)
  Harold (D:9)
  An ice dragon (IceCv)
  Fannar (D:11)
  4 hydras
  9 dancing weapons
  3 two-headed ogres
  The ghost of Edash the Basher, a novice MiBe of Trog (Orc:1)
  4 boulder beetles
  An orc high priest (Orc:2)
  7 deep elf knights
  A sun demon (Volcano)
  2 skysharks (Lair:5)
  A bog body (Lair:3)
  A swamp dragon (Lair:5)
  3 deep elf archers
  3 lindwurms
  2 large abominations (Elf:1)
  4 orc knights
  5 necromancers (Elf:1)
  13 deep elf pyromancers
  19 deep elf zephyrmancers
  3 wolf spiders (Spider:1)
  3 ugly things (Volcano)
  7 orc sorcerers
  A cyclops (Orc:1)
  9 elephants
  2 moths of wrath
  2 ice statues (IceCv)
  2 gargoyles (D:10)
  5 black mambas
  Maggie (D:9)
  6 torpor snails (Lair:5)
  A demonic crawler (Spider:1)
  9 cane toads
  A kobold demonologist (D:11)
  8 rime drakes
  16 komodo dragons
  2 red devils (Volcano)
  A polar bear (Lair:3)
  The ghost of ripuliukko the Magician, a novice DEEE (D:5)
  6 hornets (Lair:5)
  3 tyrant leeches (Lair:5)
  3 trolls
  3 tarantellas (Spider:1)
  15 blink frogs
  2 air elementals
  3 jumping spiders (Spider:1)
  A shadow (D:10)
  2 slime creatures (D:10)
  6 culicivoras
  Sigmund (D:2)
  4 wyverns
  3 fire elementals
  A water elemental (Elf:1)
  5 hogs (Elf:1)
  15 yaks
  4 steam dragons
  3 basilisks
  A human (shapeshifter) (Elf:2)
  Grum (D:11)
  A redback (Spider:1)
  2 chaos spawn (D:8)
  12 wargs
  4 acid dragons
  8 water moccasins
  A swamp drake (Lair:5)
  A floating eye (shapeshifter) (Elf:2)
  36 orc warriors
  8 ogres
  3 black bears
  2 sky beasts (D:8)
  An ice beast (D:6)
  13 wolves
  3 centaurs
  2 phantoms (D:7)
  5 kobold brigands
  4 elf zombies (Elf:1)
  2 earth elementals
  9 bullfrogs
  3 scorpions
  22 killer bees
  4 lindwurm simulacra (IceCv)
  3 howler monkeys
  4 electric eels
  3 komodo dragon simulacra (IceCv)
  4 hounds
  18 orc priests
  Crazy Yiuf (D:3)
  3 gnoll boudas
  Ijyb (D:3)
  Jessica (D:2)
  11 iguanas
  Natasha (thrice) (D:2)
  25 orc wizards
  8 mummies (Ossuary)
  12 gnolls
  8 acid dragon simulacra (IceCv)
  17 adders
  3 river rats
  A shadow imp (D:7)
  6 steam dragon simulacra (IceCv)
  3 worms
  87 orcs
  9 ball pythons
  2 bats
  12 endoplasms
  3 giant cockroaches
  2 goblins (D:1)
  4 hobgoblins
  7 jackals (D:2)
  19 kobolds
  A quokka (D:3)
  A frilled lizard (D:1)
  3 gnoll zombies (Ossuary)
  A hobgoblin zombie (Ossuary)
  2 kobold zombies (Ossuary)
  2 orc zombies (Ossuary)
  7 rats
698 creatures vanquished.

Vanquished Creatures (collateral kills)
  A dancing weapon (Elf:1)
  An orc warrior (Orc:2)
  An orc priest (Orc:2)
  2 orc wizards
  An orc (Orc:2)
6 creatures vanquished.

Vanquished Creatures (others)
  An orc (Orc:2)
1 creature vanquished.

Grand Total: 705 creatures vanquished

Notes
Turn   | Place    | Note
-------+----------+-------------------------------------------
     0 | D:1      | Graphine the Kobold Brigand began the quest for the Orb.
     0 | D:1      | Reached XP level 1. HP: 12/12 MP: 1/1
   166 | D:1      | Reached XP level 2. HP: 17/17 MP: 2/2
   558 | D:1      | Reached XP level 3. HP: 22/22 MP: 3/3
   768 | D:1      | Found Pomuv's Antique Armour Shoppe.
  1035 | D:1      | Identified a scroll of acquirement
  1035 | D:1      | Acquired a manual of Throwing
  1132 | D:2      | Identified the +1 pair of gloves "Finuejil" {rN+}
  1189 | D:2      | Noticed Jessica
  1193 | D:2      | Killed Jessica
  1194 | D:2      | Reached XP level 4. HP: 27/27 MP: 4/4
  1257 | D:2      | Found an ornate altar of the Wu Jian Council.
  1273 | D:2      | Became a worshipper of the Wu Jian Council
  1412 | D:2      | Reached skill level 6 in Stealth
  1639 | D:2      | Reached XP level 5. HP: 27/32 MP: 5/5
  1731 | D:2      | Noticed Sigmund
  1767 | D:2      | Killed Sigmund
  1768 | D:2      | Reached XP level 6. HP: 12/37 MP: 6/6
  2015 | D:2      | Noticed Natasha
  2021 | D:2      | Killed Natasha
  2039 | D:2      | Identified the +3 broad axe of Balance {venom, *Corrode
                  | rPois rC+}
  2246 | D:2      | Noticed Natasha
  2257 | D:2      | Killed Natasha
  2323 | D:2      | Noticed Natasha
  2324 | D:2      | Killed Natasha
  2523 | D:3      | Found a sacrificial altar of Ru.
  2525 | D:3      | Found an iron altar of Okawaru.
  2526 | D:3      | Found a shimmering altar of Xom.
  2529 | D:3      | Found a shimmering blue altar of Sif Muna.
  2541 | D:3      | Reached XP level 7. HP: 41/41 MP: 7/7
  2545 | D:3      | Reached * piety under Wu Jian
  2547 | D:3      | Found a snail-covered altar of Cheibriados.
  2548 | D:3      | Found a bloodstained altar of Trog.
  2551 | D:3      | Found a stormy altar of Qazlal.
  2553 | D:3      | Found a blossoming altar of Fedhas.
  2554 | D:3      | Found a glowing silver altar of Zin.
  2697 | D:3      | Reached skill level 7 in Stealth
  2824 | D:3      | Noticed Ijyb
  2827 | D:3      | Killed Ijyb
  2828 | D:3      | Reached skill level 5 in Short Blades
  2828 | D:3      | Found a glowing drain.
  2837 | Sewer    | Entered a sewer
  2862 | Sewer    | Reached skill level 5 in Throwing
  2914 | Sewer    | Reached skill level 1 in Spellcasting
  3054 | Sewer    | Reached XP level 8. HP: 42/48 MP: 5/10
  3316 | Sewer    | Gained mutation: Your mind is acute. (Int +4, Str/Dex -1)
                  | [potion of mutation]
  3316 | Sewer    | Gained mutation: You have sharp toenails. [potion of
                  | mutation]
  3316 | Sewer    | Gained mutation: You have a pair of small horns on your
                  | head. [potion of mutation]
  3428 | D:3      | Found a runed translucent door.
  3431 | D:3      | Noticed Crazy Yiuf
  3684 | D:3      | Killed Crazy Yiuf
  3685 | D:3      | Identified the +10 hammer of Mourning {vamp, Int+4 Dex+3}
  3923 | D:4      | Reached ** piety under Wu Jian
  4201 | D:4      | Reached skill level 5 in Dodging
  4544 | D:4      | Found Hinegyca's Gadget Gallery.
  4900 | D:5      | Entered Level 5 of the Dungeon
  4944 | D:5      | Reached skill level 8 in Stealth
  5216 | D:5      | Reached XP level 9. HP: 52/52 MP: 12/12
  5300 | D:5      | Found a runed translucent door.
  5309 | D:5      | Noticed ripuliukko's ghost (novice DEEE)
  5527 | D:5      | Killed ripuliukko's ghost
  5528 | D:5      | Reached skill level 9 in Stealth
  5875 | D:6      | Reached *** piety under Wu Jian
  6170 | D:6      | Found a staircase to the Ecumenical Temple.
  6639 | D:7      | Reached skill level 5 in Fighting
  6705 | D:7      | Found Qurhikk's General Store.
  6722 | D:7      | Reached skill level 10 in Stealth
  6722 | D:7      | Reached XP level 10. HP: 43/59 MP: 11/14
  6928 | D:7      | Reached **** piety under Wu Jian
  7119 | D:7      | Found a sand-covered staircase.
  7125 | Ossuary  | Entered an ossuary
  7135 | Ossuary  | Acquired the +8 arc blade {discharge, rElec}
  7135 | Ossuary  | Found the +8 arc blade {discharge, rElec}
  7319 | Ossuary  | Acquired the ring "Imynn" {rElec rCorr SInv Stlth+}
  7548 | D:8      | Reached skill level 10 in Throwing
  7597 | D:8      | Noticed a two-headed ogre
  7602 | D:8      | Killed a two-headed ogre
  7603 | D:8      | Reached skill level 11 in Stealth
  7616 | D:8      | Reached ***** piety under Wu Jian
  7667 | D:8      | Found the +7 mace of Variability {chaos, chaos arc}
  7668 | D:8      | Found a shimmering altar of Xom.
  7766 | D:8      | Noticed a two-headed ogre
  7774 | D:8      | Killed a two-headed ogre
  7775 | D:8      | Reached XP level 11. HP: 56/64 MP: 13/17
  7960 | D:8      | Noticed a boulder beetle
  7963 | D:8      | Killed a boulder beetle
  7964 | D:8      | Reached skill level 10 in Short Blades
  8215 | D:8      | Reached skill level 12 in Stealth
  9061 | D:9      | Noticed Maggie
  9064 | D:9      | Killed Maggie
  9072 | D:9      | Noticed Harold
  9075 | D:9      | Killed Harold
  9136 | D:9      | Found a glowing golden altar of the Shining One.
  9165 | D:9      | Found a broken altar of Ashenzari.
  9560 | D:10     | Entered Level 10 of the Dungeon
  9690 | D:10     | Reached skill level 5 in Spellcasting
  9917 | D:10     | Found an ornate altar of the Wu Jian Council.
  9964 | D:10     | Found a staircase to the Lair.
 10158 | D:10     | Found a hide-covered altar of Uskayaw.
 10628 | D:10     | Reached skill level 10 in Dodging
 10802 | Lair:1   | Entered Level 1 of the Lair of Beasts
 11066 | Lair:1   | Reached XP level 12. HP: 71/71 MP: 19/19
 11124 | Lair:1   | Reached skill level 13 in Stealth
 11947 | Lair:2   | Found a frozen archway.
 11957 | IceCv    | Entered an ice cave
 12040 | IceCv    | Reached skill level 14 in Stealth
 12306 | IceCv    | Noticed an ice dragon
 12316 | IceCv    | Reached ****** piety under Wu Jian
 12328 | IceCv    | Killed an ice dragon
 12674 | Lair:2   | Noticed a four-headed hydra
 12682 | Lair:2   | Killed a four-headed hydra
 12755 | Lair:2   | Reached XP level 13. HP: 48/78 MP: 14/22
 13043 | Lair:2   | Found a hole to the Spider Nest.
 13584 | Lair:3   | Found a staircase to the Swamp.
 13744 | Lair:3   | Reached skill level 15 in Stealth
 14204 | Lair:3   | Noticed a five-headed hydra
 14208 | Lair:3   | Killed a five-headed hydra
 14870 | Lair:4   | Noticed a six-headed hydra
 14877 | Lair:4   | Killed a six-headed hydra
 15006 | Lair:4   | Reached skill level 16 in Stealth
 15187 | Lair:4   | Found a viscous altar of Jiyva.
 15187 | Lair:4   | Found a staircase to the Slime Pits.
 15766 | Lair:5   | Entered Level 5 of the Lair of Beasts
 15894 | Lair:5   | Found a dark tunnel.
 15899 | Lair:5   | Reached XP level 14. HP: 65/86 MP: 18/25
 15907 | Volcano  | Entered a volcano
 16350 | Lair:5   | Reached skill level 17 in Stealth
 17069 | Lair:5   | Found a runed translucent door.
 17134 | Lair:5   | Reached skill level 10 in Fighting
 17134 | Lair:5   | Reached skill level 1 in Evocations
 17198 | Lair:5   | Reached skill level 18 in Stealth
 17983 | D:4      | Bought a lightning rod (4/4) for 300 gold pieces
 17983 | D:4      | Bought a condenser vane for 400 gold pieces
 17983 | D:4      | Bought a phial of floods for 400 gold pieces
 17983 | D:4      | Bought a box of beasts for 400 gold pieces
 17983 | D:4      | Bought a phantom mirror for 400 gold pieces
 18173 | Spider:1 | Entered Level 1 of the Spider Nest
 18784 | Spider:1 | Reached XP level 15. HP: 92/92 MP: 27/27
 19331 | D:11     | Found Vapliupo's Armour Boutique.
 19332 | D:11     | Found a staircase to the Orcish Mines.
 19373 | D:11     | Bought a +0 pair of boots of flying for 172 gold pieces
 19616 | D:11     | Noticed Grum
 19619 | D:11     | Killed Grum
 19805 | D:11     | Noticed Fannar
 19812 | D:11     | Killed Fannar
 19916 | Orc:1    | Entered Level 1 of the Orcish Mines
 19938 | Orc:1    | Reached skill level 5 in Evocations
 20146 | Orc:1    | Found a transporter.
 20148 | Orc:1    | Noticed Edash's ghost (novice MiBe)
 20152 | Orc:1    | Killed Edash's ghost
 20153 | Orc:1    | Identified the +1 pair of gloves "Hyzoder" {Str+3}
 20162 | Orc:1    | Found a transporter.
 20198 | Orc:1    | Noticed Snorg
 20201 | Orc:1    | Killed Snorg
 20202 | Orc:1    | Reached skill level 19 in Stealth
 20289 | Orc:1    | Paralysed by an orc sorcerer for 2 turns
 20697 | Orc:2    | Entered Level 2 of the Orcish Mines
 20948 | Orc:2    | Found a staircase to the Elven Halls.
 21181 | Orc:2    | Found Yhaoput's Assorted Antiques.
 21186 | Orc:2    | Bought a warped cloak for 218 gold pieces
 21186 | Orc:2    | Identified the +2 cloak of Koruzanu {rCorr MP+9 Str+2} (You
                  | bought it in a shop on level 2 of the Orcish Mines)
 21322 | Orc:2    | Noticed an orc warlord
 21325 | Orc:2    | Killed an orc warlord
 21510 | Orc:2    | Found Tebramm's Armour Shoppe.
 21652 | Orc:2    | Noticed an orc warlord
 21718 | Orc:2    | Found Uvvaost's Antique Weapon Shoppe.
 21719 | Orc:2    | Found Toixypt's Antique Armour Emporium.
 21741 | Orc:2    | Killed an orc warlord
 22261 | Elf:1    | Entered Level 1 of the Elven Halls
 22290 | Elf:1    | Reached skill level 20 in Stealth
 22307 | Elf:1    | Paralysed by an air elemental for 1 turns
 22532 | Elf:1    | Reached skill level 10 in Spellcasting
 22532 | Elf:1    | Reached XP level 16. HP: 100/100 MP: 30/30
 22863 | Elf:1    | Reached skill level 10 in Evocations
 23127 | Elf:1    | Reached skill level 1 in Earth Magic
 23180 | Elf:1    | Noticed Kirke
 23192 | Elf:1    | Killed Kirke
 23193 | Elf:1    | Reached skill level 1 in Transmutations
 23477 | Elf:1    | Found Dut Bila's Jewellery Shop.
 23477 | Elf:1    | Found Eviff's Jewellery Shop.
 23478 | Elf:1    | Found Taiterch's Book Shoppe.
 24009 | Elf:1    | Got the Omnibus of the Catacomb
 24337 | Elf:2    | Found a huge runed translucent gate.
 24337 | Elf:2    | Found a huge runed translucent gate.
 24337 | Elf:2    | Found a huge runed translucent gate.
 24338 | Elf:2    | Found a huge runed translucent gate.
 24339 | Elf:2    | Found a huge runed translucent gate.
 24361 | Elf:2    | Demolished by a +2 heavy halberd

Illustrated notes

Levels and vault maps discovered:
D:1:      saegor_arrival_under_anarchy, layout_basic, serial_shops, shop
D:2:      layout_loops_ring, basic_altar, nrook_campfire,
          hangedman_decor_points, uniq_sigmund, uniq_natasha, uniq_jessica
D:3:      layout_rooms, nicolae_overflow_hallway_of_the_gods,
          portal_sewer_entry_a, grunt_ministairs_6, corexii_corridor_pit,
          uniq_crazy_yiuf_cottage, uniq_ijyb
D:4:      wander_river, layout_gridville, serial_bayou_pond_d,
          corexii_checkpoint_a, nicolae_shop_gadgets
D:5:      layout_rooms, ebering_ghost_sewer_d, grunt_decor_resistance,
          nicolae_half_adder
D:6:      layout_loops_ring, temple_doors_cd, grunt_decor_mini_mirrors
D:7:      layout_loops_ring, enter_ossuary_3, serial_shops, shop,
          minmay_strange_pillars
D:8:      layout_loops_cross, minmay_guarded_unrand_variability
D:9:      layout_grid_maze, mainiacjoe_overflow_two_lobes, uniq_maggie,
          uniq_harold
D:10:     layout_basic, lair_entry_dummy, hangedman_feature_mirror,
          billiards_dpeg
D:11:     layout_basic, orc_david_3, uniq_fannar, uniq_grum
Lair:1:   layout_gridlike, chequers_serial_rivers_room_b,
          infiniplex_staircase_pool
Lair:2:   layout_roguey, hellmonk_spider_entry_life_and_decay,
          portal_ice_cave_rime
Lair:3:   layout_gridlike, skrybe_swamp_entry_bodies, gauntlet_entry_generic,
          infiniplex_staircase_pool_2, grunt_megastairs_2, serial_bayou_shore_b,
          lemuel_fruit_fields, serial_bayou_shore_a, lemuel_fruit_tree
Lair:4:   layout_regular_city, dpeg_slime_entry_enclosed
Lair:5:   wormcave, layout_misc_corridors, guppyfry_lair_end_dragon,
          nicolae_volcano_entry_lava_flow, lemuel_old_faithful
Spider:1: layout_spider_delve, hangedman_spider_tarantella_strand
Orc:1:    layout_diamond_mine, gammafunk_ghost_berserking_beasts,
          guppyfry_library_mini, uniq_snorg
Orc:2:    grunt_orc_community_town_hall, layout_caves,
          grunt_orc_community_big_house_2, grunt_orc_community_big_house_1,
          grunt_orc_community_house_3, grunt_orc_community_house_2,
          grunt_orc_community_house_3, grunt_orc_community_house_2,
          grunt_orc_community_house_1, grunt_orc_community_house_2
Elf:1:    eino_elf_arrival_sip, layout_rooms,
          hangedman_elven_crosses_minicolossus, minmay_elf_necromancy,
          grunt_megastairs_5, minmay_shop_grove, uniq_kirke
Elf:2:    elven_hall_of_blades_hangedman_alternative
          [nicolae_blade_entry_sentries_behind_glass], layout_gridlike

Skill      XL: |  1  2  3  4  5  6  7  8  9 10 11 12 13 14 15 16 |
---------------+-------------------------------------------------+-----
Short Blades   | 3 4 5 6 8 9 11 12 14 | 14.0
Dodging        | 2 3 4 5 7 8 10 11 12 14 | 14.0
Stealth        | 6 7 8 10 11 12 14 16 18 20 | 20.0
Throwing       | 3 4 5 7 9 10 11 12 | 12.0
Fighting       | 3 4 5 6 7 9 10 11 12 | 12.2
Spellcasting   | 1 2 3 4 5 6 7 8 10 | 10.8
Evocations     | 4 8 11 | 11.4
Earth Magic    | 3 |  3.1
Transmutations | 3 |  3.1

Action                     |  1- 3 |  4- 6 |  7- 9 | 10-12 | 13-15 | 16-18 || total
---------------------------+-------+-------+-------+-------+-------+-------++-------
  Melee: Dagger            |    59 |   102 |   225 |    53 |       |       ||   439
         Punch             |     1 |     1 |     2 |     3 |    10 |     6 ||    23
         Rapier            |       |       |    71 |   286 |   621 |   195 ||  1173
         Kick              |       |       |    57 |    87 |    91 |       ||   235
         Headbutt          |       |       |    36 |    65 |   122 |    49 ||   272
  Throw: Dart              |       |    16 |    22 |       |       |       ||    38
         Boomerang         |       |       |       |    29 |     1 |     1 ||    31
 Invoke: Serpent's Lash    |       |       |       |       |     1 |       ||     1
Ability: Lunge             |       |    11 |    45 |    63 |   157 |    30 ||   306
         Whirlwind         |       |       |     3 |     3 |    12 |     5 ||    23
  Evoke: Wand              |       |       |     2 |       |       |       ||     2
         Lightning rod     |       |       |       |       |     2 |     1 ||     3
         Phantom mirror    |       |       |       |       |     1 |     1 ||     2
         Box of beasts     |       |       |       |       |     1 |       ||     1
         Condenser vane    |       |       |       |       |     1 |       ||     1
    Use: Scroll            |     4 |       |    14 |    13 |    12 |     6 ||    49
         Potion            |       |     1 |     3 |     5 |     4 |     4 ||    17
   Stab: Sleeping          |    11 |    12 |    37 |    60 |   130 |    23 ||   273
         Distracted        |       |     1 |     1 |     1 |     5 |     4 ||    12
 Armour: Robe              |     4 |    18 |    55 |     2 |       |       ||    79
         Skin              |       |    10 |       |       |       |       ||    10
         Steam dragon scal |       |       |       |    33 |    38 |    13 ||    84
  Dodge: Dodged            |    32 |    33 |   166 |   182 |   246 |    75 ||   734
